 Dungeon Crawl Stone Soup version 0.30.1-11-g7821555f0a (webtiles) character file.

Game seed: 6870240194213193884

727 Sadgeman the Cudgeller (level 7, -3/62 HPs)
             Began as a Minotaur Fighter on Nov 27, 2023.
             Was an Initiate of Trog.
             Slain by a merfolk impaler
             ... wielding a +6 trident of venom
             ... created by the fury of Okawaru
              (10 damage)
             ... on level 6 of the Dungeon.
             The game lasted 00:17:58 (1995 turns).

Sadgeman the Cudgeller (Minotaur Fighter)           Turns: 1995, Time: 00:17:58

Health: -3/62      AC:  8    Str: 22    XL:     7   Next: 44%
Magic:  6/6        EV: 10    Int:  5    God:    Trog [......]
Gold:   118        SH:  5    Dex: 10    Spells: 6/6 levels left

rFire   . . .        j - +2 dagger (drain)
rCold   . . .        c - +0 buckler
rNeg    . . .        b - +0 scale mail
rPois   .            (helmet restricted)
rElec   .            (no cloak)
rCorr   .            (no gloves)
SInv    .            W - +0 pair of boots
Will    .....        (no amulet) Stlth
                     (no ring)
HPRegen 0.30/turn    (no ring)
MPRegen 0.10/turn

%: no passive effects
@: no status effects
A: horns 2, retaliatory headbutt
a: Renounce Religion


You were on level 6 of the Dungeon.
You worshipped Trog.
Trog was noncommittal.
You visited 2 branches of the dungeon, and saw 7 of its levels.

You collected 118 gold pieces.

Inventory:

Hand Weapons
 a - a +0 flail
 g - a +0 short sword
 h - a +0 dagger
 j - a +2 dagger of draining (weapon)
 n - a +0 club
 p - a +0 dagger
 q - a +0 mace
 r - a +0 dagger
 s - a +0 short sword
 z - a +0 whip
 B - a +0 whip
 C - a +0 club
 E - a +0 dagger
 F - a +0 short sword
 I - a +0 mace
 J - a +0 falchion
 K - a +0 flail
 O - a +0 whip
 P - a +0 club
 T - a +0 whip
 U - a +0 club
Missiles
 f - 21 stones (quivered)
Armour
 b - a +0 scale mail (worn)
 c - a +0 buckler (worn)
 k - a +0 helmet
 l - a +0 robe
 y - a +0 robe
 D - a +0 scale mail
 L - a +0 leather armour
 V - a +0 ring mail
 W - a +0 pair of boots (worn)
 Z - a +0 leather armour
Jewellery
 t - a ring of magical power
 v - an amulet of magic regeneration
 X - an amulet of faith
Scrolls
 e - 6 scrolls of identify {unknown}
 i - a scroll of immolation {unknown}
 m - 6 scrolls of teleportation {unknown}
 o - a scroll of amnesia {unknown}
 w - 2 scrolls of magic mapping {unknown}
 A - a scroll of fear {unknown}
 N - a scroll of blinking {unknown}
 Q - 2 scrolls of vulnerability {unknown}
Potions
 d - a potion of might
 u - a potion of magic {unknown}
 x - a potion of degeneration {unknown}
 G - a potion of flight {unknown}
 H - a potion of invisibility {unknown}
 M - a potion of attraction {unknown}
 R - a potion of lignification {unknown}
 S - a potion of curing {unknown}
 Y - 2 potions of mutation {unknown}


   Skills:
 + Level 5.6 Fighting
 + Level 6.7 Maces & Flails
 + Level 5.7 Armour
 + Level 1.9 Dodging
 + Level 5.0 Shields


You had 6 spell levels left.
You didn't know any spells.
Your spell library contained the following spells:

 Spells                   Type           Power      Damage    Failure   Level
 Portal Projectile        Hex/Tloc       0%         N/A       99%         3
 Tukima's Dance           Hex            0%         N/A       99%         3
 Blade Hands              Tmut           0%         N/A       100%        5


Dungeon Overview and Level Annotations

Branches:
Dungeon (6/15)             Temple (1/1) D:5

Altars:
Ashenzari
Dithmenos
Gozag
Nemelex Xobeh
Okawaru
Sif Muna
Trog
Vehumet
Xom
Yredelemnul
The Shining One


Innate Abilities, Weirdness & Mutations

You have a pair of horns on your head.
You reflexively headbutt those who attack you in melee.


Message History

The adder is heavily wounded.
You block the gnoll's attack. The adder bites you but does no damage.
You hit the adder. Your headbutt misses the adder.
The adder is almost dead.
The adder bites you but does no damage. You block the gnoll's attack.
You hit the adder.
The adder is almost dead.
The adder misses you.
The gnoll hits you from afar with a +0 spear.
The adder barely misses you. You furiously retaliate!
You headbutt the adder.
You kill the adder!
Trog accepts your kill. The gnoll misses you. You furiously retaliate!
You headbutt the gnoll!
You see here a +0 whip.
You barely miss the gnoll. You headbutt the gnoll!
You kill the gnoll!
Trog accepts your kill.
You see here a +0 spear.
You see here a +0 whip.
You see here a +0 halberd.
Okawaru sends forces against you!
A merfolk javelineer, a merfolk impaler and 4 merfolk come into view.
The merfolk javelineer is wielding a +0 heavy spear.
A merfolk is wielding a +0 trident and quivering boomerangs of dispersal.
The merfolk impaler is wielding a +6 trident of venom.
You closely miss the merfolk javelineer.
Your headbutt misses the merfolk javelineer.
You barely miss the merfolk javelineer.
Your headbutt misses the merfolk javelineer.
The merfolk hits you from afar with a +0 spear!
The merfolk impaler hits you with a +6 trident of venom!
* * * LOW HITPOINT WARNING * * *
The merfolk javelineer throws a javelin.
The javelin pierces through you!
* * * LOW HITPOINT WARNING * * *
The javelin completely misses the merfolk impaler.
The javelin pierces through the merfolk!!
The javelin pierces through the merfolk!
You hit the merfolk javelineer.
The merfolk javelineer is lightly wounded.
The merfolk impaler hits you with a +6 trident of venom!
You die...

#.# .# #.. #...
#.####...###
#..#...# #.. #)).#
#.# #m### #.#
#)#######.####
#m.m.........#
#@##########.#
#m##########.#####
#m##.........#.[).
#m##.#########.###
#.##.# #)# #.##.#
#.# #.##.# #.#
#.##.# #.# #.# #.#


You could see a merfolk impaler, a merfolk javelineer and 4 merfolk.

Vanquished Creatures
  Grinder (D:3)
  A phantom (D:4)
  A scorpion (D:4)
  A howler monkey (D:5)
  A gnoll bouda (D:6)
  4 iguanas
  Natasha (D:2)
  An orc wizard (D:6)
  5 gnolls (D:6)
  6 adders
  A white imp (D:5)
  2 ufetubi
  A worm (D:2)
  6 orcs
  3 bats
  3 endoplasms (D:3)
  2 giant cockroaches (D:3)
  2 goblins (D:3)
  4 hobgoblins
  11 kobolds
  6 ball pythons
  4 rats
67 creatures vanquished.

Notes
Turn   | Place    | Note
-------+----------+-------------------------------------------
     0 | D:1      | Sadgeman the Minotaur Fighter began the quest for the Orb.
     0 | D:1      | Reached XP level 1. HP: 19/19 MP: 0/0
   317 | D:1      | Reached XP level 2. HP: 26/27 MP: 1/1
   369 | D:2      | Noticed Natasha
   374 | D:2      | Killed Natasha
   375 | D:2      | Reached skill level 3 in Maces & Flails
   375 | D:2      | Reached XP level 3. HP: 31/33 MP: 2/2
   834 | D:4      | Noticed a scorpion
   841 | D:4      | Killed a scorpion
   842 | D:4      | Reached skill level 4 in Maces & Flails
   842 | D:4      | Reached XP level 4. HP: 41/41 MP: 3/3
   912 | D:4      | Reached XP level 5. HP: 47/47 MP: 4/4
   977 | D:5      | Entered Level 5 of the Dungeon
  1018 | D:5      | Found a staircase to the Ecumenical Temple.
  1030 | D:5      | Reached skill level 1 in Dodging
  1031 | D:5      | Reached skill level 5 in Maces & Flails
  1090 | Temple   | Entered the Ecumenical Temple
  1106 | Temple   | Became a worshipper of Warmaster Okawaru
  1184 | D:5      | Reached XP level 6. HP: 50/53 MP: 5/5
  1362 | D:4      | Reached skill level 6 in Maces & Flails
  1382 | D:3      | Noticed Grinder
  1385 | D:3      | Paralysed by Grinder for 4 turns
  1392 | D:3      | Reached skill level 5 in Armour
  1392 | D:3      | Killed Grinder
  1392 | D:3      | Reached * piety under Okawaru
  1393 | D:3      | Reached skill level 5 in Fighting
  1393 | D:3      | Reached XP level 7. HP: 20/61 MP: 6/6
  1440 | D:3      | Found a bloodstained altar of Trog.
  1448 | D:3      | Fell from the grace of Okawaru
  1448 | D:3      | Became a worshipper of Trog the Wrathful
  1885 | D:6      | Reached skill level 5 in Shields
  1993 | D:6      | Noticed a merfolk javelineer
  1993 | D:6      | Noticed a merfolk
  1993 | D:6      | Noticed a merfolk
  1993 | D:6      | Noticed a merfolk impaler
  1993 | D:6      | Noticed a merfolk
  1993 | D:6      | Noticed a merfolk
  1995 | D:6      | Slain by a merfolk impaler

Illustrated notes

Levels and vault maps discovered:
D:1:      nzn_arrival_crosshair, layout_loops_corners, serial_shops,
          nicolae_shop_hallway_plus, serial_forest,
          infiniplex_forest_straight_4, infiniplex_forest_clump_curved,
          infiniplex_forest_lined_ring, infiniplex_forest_clump_double,
          infiniplex_forest_lined_room_, infiniplex_forest_lined_corner,
          infiniplex_forest_lined_1
D:2:      layout_loops_corners, chequers_ecumenical_altar_lobes, uniq_natasha,
          uniq_sigmund, uniq_terence
D:3:      layout_basic, cheibriados_altar_1, mainiacjoe_overflow_boulevard,
          uniq_robin, uniq_crazy_yiuf_cottage, uniq_grinder
D:4:      layout_loops_ring, kennysheep_generic_room_8
D:5:      layout_cave_pools, minmay_temple_entry_stoned_glass, serial_shops,
          nicolae_shop_real_fake_doors, gammafunk_ghost_nasty_kobolds,
          hangedman_decor_points, uniq_pikel
D:6:      minmay_skewed_foursquare, layout_basic, uniq_edmund
Temple:   hellmonk_temple_micro_hex

Skill      XL: |  1  2  3  4  5  6  7 |
---------------+----------------------+-----
Fighting       | 4 5 |  5.6
Maces & Flails | 3 4 5 6 |  6.7
Armour         | 4 5 |  5.7
Shields        | 4 5 |  5.0
Dodging        | 1 |  1.9

Action                     |  1- 3 |  4- 6 |  7- 9 || total
---------------------------+-------+-------+-------++-------
  Melee: Flail             |   116 |    61 |    17 ||   194
         Headbutt          |    24 |    10 |    12 ||    46
         Dagger            |       |       |    27 ||    27
 Armour: Scale mail        |    38 |    25 |    17 ||    80
  Dodge: Dodged            |    36 |    30 |    25 ||    91
  Block: Buckler           |    27 |    15 |    17 ||    59
